[Event "Quebec op"]
[Site "Ste-Foy CAN"]
[Date "2017.08.18"]
[Round "8.2"]
[White "Sambuev, Bator"]
[Black "Hebert, Jean"]
[Result "1/2-1/2"]
[ECO "A12"]
[WhiteElo "2522"]
[BlackElo "2370"]
[PlyCount "218"]
[GameId "2160767739903462"]
[EventDate "2017.08.12"]
[EventType "swiss"]
[EventRounds "9"]
[EventCountry "CAN"]
[TimeControl "600+2"]

1. Nf3 d5 2. c4 c6 3. e3 Nf6 4. b3 g6 5. Bb2 Bg7 6. d3 O-O 7. Nbd2 b6 8. Be2 c5 9. cxd5 Nxd5 10. Bxg7 Kxg7 11. Qc2 e6 12. a3 Bb7 13. h4 h6 14. g4 Nd7 15. g5 h5 16. Qb2+ Kg8 17. Rc1 Qe7 18. Ne4 Rfd8 19. Rg1 e5 20. Nfd2 b5 21. Bf1 N5b6 22. Bh3 Bd5 23. Nf6+ Nxf6 24. gxf6 Qxf6 25. Rg5 c4 26. Qxe5 Qxe5 27. Rxe5 cxd3 28. Rc3 Re8 29. Rxe8+ Rxe8 30. Rxd3 Re7 31. Kd1 Rc7 32. e4 Bb7 33. Bf1 Nd7 34. Rd4 Bc6 35. b4 Kf8 36. Nb3 Ke7 37. Kd2 Nf8 38. Ke3 Ne6 39. Rd3 Bd7 40. Be2 Be8 41. f4 f6 42. f5 gxf5 43. exf5 Ng7 44. Kf4 Bd7 45. Nd4 a6 46. Rg3 Kf7 47. Bf3 Rc1 48. Bd5+ Kf8 49. Rg6 Rf1+ 50. Nf3 Ne8 51. Rg8+ Ke7 52. Rh8 Ng7 53. Rh7 Kf8 54. Rh8+ Ke7 55. Be4 Ra1 56. Rh7 Kf8 57. Rh6 Ke7 58. Rh7 Kf8 59. Nd4 Rf1+ 60. Bf3 Kg8 61. Rh6 Nxf5 62. Nxf5 Bxf5 63. Rxh5 Bc2 64. Rd5 f5 65. Rd8+ Kf7 66. Kg3 Be4 67. Bxe4 fxe4 68. Rd4 Rf3+ 69. Kg4 Rxa3 70. Rxe4 a5 71. bxa5 Rxa5 72. Re5 Ra4+ 73. Kg5 Rb4 74. h5 Rb1 75. Rc5 Rg1+ 76. Kh6 b4 77. Rb5 Rg4 78. Rb6 Rh4 79. Rb5 Kg8 80. Rb7 Rc4 81. Rb8+ Kf7 82. Kh7 Rg4 83. h6 Rh4 84. Rb7+ Kf6 85. Rb5 Rc4 86. Rb6+ Kf7 87. Rb8 Rc7 88. Kh8 Kg6 89. Rb6+ Kf7 90. Rxb4 Kg6 91. Rb6+ Kf7 92. Kh7 Rc1 93. Rb2 Rf1 94. Rg2 Kf8 95. Rg8+ Kf7 96. Ra8 Rg1 97. Ra6 Rg2 98. Ra1 Rg4 99. Rf1+ Ke7 100. Rf5 Rg1 101. Kh8 Rg2 102. h7 Rg1 103. Ra5 Kf7 104. Ra7+ Kf8 105. Ra8+ Kf7 106. Rg8 Ra1 107. Rg2 Kf8 108. Rg4 Rf1 109. Rf4+ Rxf4 1/2-1/2

[Event "Montreal op"]
[Site "Montreal CAN"]
[Date "2009.09.13"]
[Round "5"]
[White "Salome, Melia"]
[Black "Hebert, Jean"]
[Result "1/2-1/2"]
[ECO "C15"]
[WhiteElo "2441"]
[BlackElo "2418"]
[PlyCount "23"]
[GameId "2160767739316961"]
[EventDate "2009.09.11"]
[EventType "swiss"]
[EventRounds "5"]
[EventCountry "CAN"]
[TimeControl "3600"]

1. e4 e6 2. d4 d5 3. Nc3 Bb4 4. Nge2 dxe4 5. a3 Be7 6. Nxe4 Nd7 7. Qd3 Ngf6 8. Nxf6+ Nxf6 9. Bd2 b6 10. O-O-O Bb7 11. f3 O-O 12. Nc3 1/2-1/2